 Dungeon Crawl Stone Soup version 0.29-a0-389-gd8082fcd2d (webtiles) character file.

Game seed: 540919647680506171

364 Harunobu the Skirmisher (level 6, 0/41 HPs)
             Began as a Gargoyle Monk on May 8, 2022.
             Was a Believer of Okawaru.
             Slain by a lemure (6 damage)
             ... led by Pikel
             ... on level 5 of the Dungeon.
             The game lasted 00:06:12 (4852 turns).

Harunobu the Skirmisher (Gargoyle Monk)             Turns: 4852, Time: 00:06:12

Health: 0/41       AC: 12    Str: 16    XL:     6   Next: 67%
Magic:  6/6        EV: 11    Int: 11    God:    Okawaru [**....]
Gold:   161        SH:  0    Dex: 12    Spells: 5/5 levels left

rFire   . . .      SeeInvis .   i - +1 dagger (venom)
rCold   . . .      Faith    .   (no shield)
rNeg    + + .      Spirit   .   t - +1 ring mail {rN+}
rPois   ∞          Reflect  .   m - +1 hat
rElec   +          Harm     .   w - +0 cloak
rCorr   .          Rampage  .   (no gloves)
Will    .....                   (no boots)
Stlth   +.........              (no amulet)
HPRegen 0.13/turn               p - ring of flight
MPRegen 0.10/turn               (no ring)

@: flying
A: sickness immunity, AC +4, negative energy resistance 1, electricity
resistance, torment resistance 1, petrification resistance
a: Renounce Religion, Heroism


You were on level 5 of the Dungeon.
You worshipped Okawaru.
Okawaru was pleased with you.
You visited 1 branch of the dungeon, and saw 5 of its levels.

You collected 161 gold pieces.

Inventory:

Hand Weapons
 a - a +0 mace
 i - a +1 dagger of venom (weapon)
Missiles
 o - a throwing net (quivered)
 s - 2 poisoned darts
Armour
 m - a +1 hat (worn)
 t - a +1 ring mail of positive energy (worn)
 w - a +0 cloak (worn)
Jewellery
 p - a ring of flight (left hand)
Scrolls
 e - 6 scrolls of identify {unknown}
 f - a scroll of brand weapon {unknown}
 g - a scroll of immolation {unknown}
 k - a scroll of fear {unknown}
 l - 4 scrolls of teleportation {unknown}
 u - a scroll of silence {unknown}
 v - a scroll of enchant armour {unknown}
Potions
 b - a potion of heal wounds {unknown}
 c - a potion of ambrosia
 d - 2 potions of lignification {unknown}
 h - a potion of might {unknown}
 j - 3 potions of cancellation {unknown}
 n - 2 potions of attraction {unknown}
 q - a potion of haste {unknown}
 r - a potion of curing {unknown}


   Skills:
 * Level 6.1 Fighting
 * Level 5.4 Maces & Flails
 - Level 2.4 Dodging
 - Level 2.2 Stealth


You had 5 spell levels left.
You didn't know any spells.
Your spell library was empty.

Dungeon Overview and Level Annotations

Branches:
Dungeon (5/15)
 Temple: D:4-7

Altars:
Ashenzari
Dithmenos
Elyvilon
Kikubaaqudgha
Nemelex Xobeh
Okawaru
Qazlal
Ru
Sif Muna
Uskayaw
Vehumet
Zin
The Shining One

Shops:
D:5 (

Annotations:
D:5 Pikel


Innate Abilities, Weirdness & Mutations

You are immune to sickness and miasma.
Your stone body is resilient. (AC +4)
You are immune to poison.
You resist negative energy. (rN+)
You are resistant to electric shocks. (rElec)
You are resistant to unholy torment.
You are immune to petrification.


Message History

The lemure hits you.
You hit the lemure.
The lemure is lightly wounded.
The lemure barely misses you.
You completely miss Pikel.
Pikel hits you with a +2 whip of flaming.
Pikel burns you. The lemure hits you.
You hit Pikel but do no damage.
Pikel is poisoned.
Your punch misses Pikel. Pikel barely misses you.
The lemure hits you but does no damage. x2
The lemure attacks as you move away! The lemure hits you.
The lemure attacks as you move away! The lemure hits you but does no damage.
The lemure hits you.
Pikel says, "All the lords of Hell know my name!"
You hit Pikel.
Pikel looks as sick as possible!
Pikel is lightly wounded.
Pikel hits you with a +2 whip of flaming.
Pikel burns you. Pikel attacks as you move away!
Pikel hits you but does no damage.
You barely miss Pikel.
Pikel is moderately wounded.
Pikel hits you but does no damage. The lemure hits you but does no damage.
The lemure attacks as you move away! The lemure misses you.
The lemure attacks as you move away! The lemure barely misses you.
The lemure closely misses you. Pikel attacks as you move away!
Pikel hits you but does no damage. Pikel attacks as you move away!
Pikel closely misses you.
Pikel says, "You'll make a fine lemure."
Pikel attacks as you move away!
Pikel hits you with a +2 whip of flaming.
Pikel burns you. The lemure attacks as you move away!
The lemure hits you but does no damage. Pikel attacks as you move away!
Pikel misses you. The lemure attacks as you move away!
The lemure closely misses you.
Pikel hits you with a +2 whip of flaming!
* * * LOW HITPOINT WARNING * * *
Pikel burns you.
* * * LOW HITPOINT WARNING * * *
There is a stone staircase leading up here.
Pikel barely misses you. The lemure hits you.
You die...

#...#..##.........#..#####.
#......#..............# #5
#...#.................# #..
##..#...........###........
###.........#..5.....#.###..
##.#.........#.........## ...
#.....#...##.55[........ #...
#..##.#.....5K...............
####...#....@.....##....##
#..###.#.#.##.....##.
#.....∩..##......##
#....#.### .......# ......#..
...##... ........#. #..# ..
..##.......# .## ... #......
. ...#... ..


You could see Pikel (very poisoned) and 4 lemures.

Vanquished Creatures
  A centaur (D:3)
  A phantom (D:4)
  A scorpion (D:4)
  An orc wizard (D:3)
  An iguana (D:5)
  3 adders
  3 worms
  A dart slug (D:1)
  11 orcs
  3 ball pythons
  4 bats
  3 endoplasms
  8 goblins
  2 hobgoblins
  3 jackals (D:2)
  3 quokkas
  A frilled lizard (D:3)
  6 kobolds
  A rat (D:3)
57 creatures vanquished.

Notes
Turn   | Place    | Note
-------+----------+-------------------------------------------
     0 | D:1      | Harunobu the Gargoyle Monk began the quest for the Orb.
     0 | D:1      | Reached XP level 1. HP: 14/14 MP: 1/1
   552 | D:1      | Reached XP level 2. HP: 15/19 MP: 2/2
  1103 | D:2      | Reached XP level 3. HP: 18/24 MP: 3/3
  1208 | D:2      | Found a faded altar of an unknown god.
  1248 | D:2      | Reached skill level 4 in Fighting
  2100 | D:3      | HP: 1/24 [orc/+0 flail (5)]
  2575 | D:3      | Reached XP level 4. HP: 28/30 MP: 4/4
  2944 | D:3      | Found a shadowy altar of Dithmenos.
  2944 | D:3      | Found a broken altar of Ashenzari.
  2944 | D:3      | Found a glowing silver altar of Zin.
  2946 | D:3      | Found a hide-covered altar of Uskayaw.
  2946 | D:3      | Found a glowing golden altar of the Shining One.
  2946 | D:3      | Found an ancient bone altar of Kikubaaqudgha.
  2948 | D:3      | Found a radiant altar of Vehumet.
  2948 | D:3      | Found a sacrificial altar of Ru.
  2948 | D:3      | Found a shimmering blue altar of Sif Muna.
  2982 | D:3      | Found a sparkling altar of Nemelex Xobeh.
  2983 | D:3      | Found a white marble altar of Elyvilon.
  2984 | D:3      | Found an iron altar of Okawaru.
  2989 | D:3      | Became a worshipper of Warmaster Okawaru
  2989 | D:3      | Reached * piety under Okawaru
  2989 | D:3      | Reached ** piety under Okawaru
  2991 | D:3      | Found a stormy altar of Qazlal.
  3537 | D:3      | Noticed a centaur
  3546 | D:3      | Killed a centaur
  3547 | D:3      | Reached skill level 5 in Fighting
  3547 | D:3      | Reached XP level 5. HP: 22/35 MP: 5/5
  3682 | D:4      | Reached skill level 5 in Maces & Flails
  3682 | D:4      | Reached XP level 6. HP: 36/41 MP: 6/6
  4155 | D:4      | Reached skill level 6 in Fighting
  4689 | D:5      | Entered Level 5 of the Dungeon
  4689 | D:5      | Found Wufa's Antique Weapon Shop.
  4826 | D:5      | Noticed Pikel
  4852 | D:5      | Slain by a lemure

Illustrated notes

Levels and vault maps discovered:
D:1:      minmay_arrival_checkered_box, layout_loops_ring
D:2:      layout_loops_ring, basic_ecumenical_altar, serial_glass,
          glass_columns_a, glass_columns_a, grunt_decor_cap
D:3:      layout_rooms, nicolae_overflows_in_rows, minitemple,
          corexii_item_surrounded_by_moat
D:4:      layout_gridville, minmay_statues_item, kennysheep_diamond,
          minmay_ruptured
D:5:      layout_cave_pools, minmay_temple_entry_tees, serial_shops,
          nicolae_shop_crystal, nicolae_shop_statue_plus, kennysheep_little_box,
          uniq_pikel

Skill      XL: |  1  2  3  4  5  6 |
---------------+-------------------+-----
Fighting       | 4 5 6 |  6.1
Maces & Flails | 4 5 |  5.4
Dodging        | |  2.4
Stealth        | |  2.2

Action                   |  1- 3 |  4- 6 || total
-------------------------+-------+-------++-------
Melee: Mace              |    10 |       ||    10
       Dagger            |    77 |   153 ||   230
       Punch             |     3 |     2 ||     5
 Stab: Sleeping          |     5 |       ||     5
Armor: Robe              |    17 |     2 ||    19
       Ring mail         |       |    70 ||    70
Dodge: Dodged            |    50 |    83 ||   133

Table legend: (Time is in decaauts)
 A = Elapsed time spent in this place.
 B = Non-inter-level travel time spent in this place.
 C = Inter-level travel time spent in this place.
 D = Time resting spent in this place.
 E = Time spent auto-exploring this place.
 F = Levels seen in this place.
 G = Mean time per level.
                   A        B        C        D        E       F      G
               +--------+--------+--------+--------+--------+-----+--------+
         Total |   4853 |   4721 |    132 |   2117 |   1866 |   5 |  970.6 |
       Dungeon |   4853 |   4721 |    132 |   2117 |   1866 |   5 |  970.6 |
               +--------+--------+--------+--------+--------+-----+--------+

Top non-repeatable levels by time:
     D:2: 1450 daAuts
     D:3: 1279 daAuts
     D:4: 1013 daAuts
     D:1: 946 daAuts
     D:5: 162 daAuts
